 Dungeon Crawl Stone Soup version 0.13.1-27-ga479965 (console) character file.

103 RegenMR the Ducker (level 2, -2/13 HPs)
             Began as a Felid Abyssal Knight on Feb 11, 2014.
             Was a Follower of Lugonu.
             Killed from afar by a hobgoblin (6 damage)
             ... with a wand of magic darts
             ... on Level 3 of the Dungeon.
             The game lasted 00:05:53 (975 turns).

RegenMR the Ducker (Felid Abyssal Knight)            Turns: 975, Time: 00:05:53

HP  -2/13        AC  1     Str  8      XL: 2   Next: 62%
MP   3/3         EV 18     Int 13      God: Lugonu [*.....]
Gold 82          SH  0     Dex 15      Spells:  0 memorised,  1 level left
Lives: 0, deaths: 0

Res.Fire  : . . .   See Invis. : +     - Unarmed
Res.Cold  : . . .   Warding    : .   (armour unavailable)
Life Prot.: . . .   Conserve   : .   (shield unavailable)
Res.Poison: .       Res.Corr.  : .   (helmet unavailable)
Res.Elec. : .       Clarity    : .   (cloak unavailable)
Sust.Abil.: . .     Spirit.Shd : .   (gloves unavailable)
Res.Mut.  : .       Stasis     : .   (boots unavailable)
Res.Rott. : .       Flight     : .   (no amulet)
Saprovore : . . .                    (no ring)
                                     (no ring)

@: quick, slightly resistant to hostile enchantments, fairly stealthy
A: paw claws, no armour, no advanced items, fangs 3, see invisible, carnivore 3,
speed 1, slow metabolism 1, AC +1
a: Depart the Abyss, Renounce Religion


You were on level 3 of the Dungeon.
You worshipped Lugonu.
Lugonu was aware of your devotion.
You were not hungry.

You visited 1 branch of the dungeon, and saw 3 of its levels.
You visited the Abyss 1 time.

You collected 62 gold pieces.

Inventory:

Comestibles
 c - a meat ration
Scrolls
 a - a scroll of curse jewellery {unknown}
 e - 2 scrolls of noise {unknown}
 g - a scroll of blinking {unknown}
 h - 2 scrolls of identify {unknown}
Jewellery
 f - an uncursed ring of protection from cold {unknown}
Potions
 b - a potion of agility {unknown}
 d - a potion of brilliance {unknown}


   Skills:
 - Level 3.0 Fighting
 - Level 3.2 Dodging
 + Level 3.2 Unarmed Combat
 - Level 1.7 Invocations


You had one spell level left.
You didn't know any spells.

Dungeon Overview and Level Annotations

Branches:
Dungeon (3/27)

Altars:

Annotations:
D:3 Sigmund


Innate Abilities, Weirdness & Mutations

You cannot wear armour.
You are incapable of any advanced item manipulation.
Your paws have sharp claws.
You have razor-sharp teeth.
You have supernaturally acute eyesight.
You are carnivorous and can eat meat at any time.
You cover ground quickly.
You are covered in fur (AC +1).
You have a slow metabolism.


Message History

The jackal moves out of view.
A jackal comes into view.
The hobgoblin zaps a wand.
The magic dart hits you!
Ouch! That really hurt!
You see here an orcish dagger.
You see here a rambutan.
Use which ability? (? or * to list) Use which ability? (? or * to list)
Okay, then.
Unknown command.
Unknown command.
Drink which item? (? for menu, Esc to quit)
Okay, then.
Unknown command.
Unknown command.
Unknown command.
Unknown command.
The hobgoblin shouts!
The hobgoblin zaps a wand.
The magic dart hits you!
You die...

.#########....# #.#
..............# #.#
.##########...# #.# .# ####
#.# .#
################.#####.# .#
#......................#
.####....###########.#######
.g.......w.......# #.#
.####....#######@# #.# .#
####.# #.# #.# .# #.# #%#
#.# .# #.# #)# #.# .#
#.#######.###>### .#
#.......g.......#####. .#
########h............... #
#...............
#...............


You could see a worm, a jackal and a hobgoblin.

Vanquished Creatures
  A giant gecko (D:3)
  An ooze (D:1)
  An orc (D:3)
  2 bats
  A giant cockroach (D:1)
  2 goblins (D:3)
  3 kobolds (D:2)
  3 giant newts
  3 rats
17 creatures vanquished.

Notes
Turn   | Place    | Note
--------------------------------------------------------------
     0 | Abyss:1  | RegenMR, the Felid Abyssal Knight, began the quest for the Orb.
     0 | Abyss:1  | Reached XP level 1. HP: 9/9 MP: 2/2
    13 | Abyss:1  | Noticed a starcursed mass
    14 | D:1      | Escaped the Abyss
   153 | D:2      | Reached XP level 2. HP: 13/13 MP: 3/3
   264 | D:3      | Noticed Sigmund
   292 | D:3      | Acquired Lugonu's first power
   975 | D:3      | Killed from afar by a hobgoblin

Action                   || total
-------------------------++-------
Melee: Unarmed           ||    62
Invok: Depart the Abyss  ||     1
  Use: Scroll            ||     1
 Stab: Sleeping          ||     5
